 Dungeon Crawl Stone Soup version 0.21.1-1-g345015fe64 (webtiles) character file.

163 BrokenGlass the Sneak (level 5, -2/29 HPs)
             Began as a Vine Stalker Assassin on Mar 24, 2018.
             Slain by Grinder (7 damage)
             ... while paralysed by Grinder
             ... on level 3 of the Dungeon.
             The game lasted 00:02:32 (2442 turns).

BrokenGlass the Sneak (Vine Stalker Assassin)       Turns: 2442, Time: 00:02:32

Health: -2/29      AC:  6    Str: 15    XL:     5   Next: 44%
Magic:  0/6        EV:  2    Int: 11    God:
Gold:   71         SH:  0    Dex: 15    Spells: 4/4 levels left

rFire    . . .     SeeInvis .   o - +2 short sword (drain)
rCold    . . .     Gourm    .   (no shield)
rNeg     . . .     Faith    .   c - +0 robe
rPois    .         Spirit   +   (no helmet)
rElec    .         Reflect  .   d - +0 cloak
rCorr    .         Harm     .   (no gloves)
MR       .....                  (no boots)
Stlth    +++.......             (no amulet)
HPRegen  0.49/turn              m - +3 ring of protection
MPRegen  0.10/turn              (no ring)

@: paralysed
A: fangs 2, regeneration 1, magic shield, antimagic bite, no potion heal 3, rot
immunity
a: no special abilities


You were on level 3 of the Dungeon.
You were hungry.

You visited 1 branch of the dungeon, and saw 3 of its levels.

You collected 71 gold pieces.

Inventory:

Hand Weapons
 a - a +2 dagger
 b - a +0 blowgun
 o - a +2 short sword of draining (weapon)
Missiles
 e - 8 poisoned needles
 f - 2 curare-tipped needles
 q - 17 bolts
 r - 11 sling bullets
 z - 18 arrows
 A - 3 javelins (quivered)
Armour
 c - a +0 robe (worn)
 d - a +0 cloak (worn)
 u - a cursed +0 ring mail
Jewellery
 m - a +3 ring of protection (left hand)
Wands
 p - a wand of acid (9)
Scrolls
 h - 2 scrolls of remove curse {unknown}
 j - a scroll of noise {unknown}
 n - 4 scrolls of identify {unknown}
 t - a scroll of magic mapping {unknown}
 v - 3 scrolls of teleportation {unknown}
 w - a scroll of fear {unknown}
 y - a scroll of enchant weapon {unknown}
Potions
 i - 3 potions of berserk rage {unknown}
 k - a potion of flight {unknown}
 l - 2 potions of resistance {unknown}
 s - a potion of agility {unknown}
 x - a potion of might {unknown}
Comestibles
 g - 9 rations


   Skills:
 * Level 4.2 Fighting
 + Level 3.1 Short Blades
 - Level 1.7 Throwing
 - Level 0.7 Dodging
 - Level 4.8 Stealth


You had 4 spell levels left.
You didn't know any spells.

Dungeon Overview and Level Annotations

Branches:
Dungeon (3/15)

Altars:

Annotations:
D:3 Grinder


Innate Abilities, Weirdness & Mutations

You have extremely sharp teeth.
Your natural rate of healing is unusually fast.
When hurt, damage is shared between your health and your magic reserves.
Your bite disrupts and absorbs the magic of your enemies.
Potions cannot restore your health.
You are immune to rotting.


Message History

Pain shoots through your body!
You closely miss Grinder. You bite Grinder, but do no damage.
Grinder is almost dead.
Grinder blinks!
Grinder gestures at you. You resist with some effort. Grinder gestures at you.
You struggle to resist.
You barely miss Grinder.
Grinder is almost dead.
Grinder gestures at you.
You suddenly lose the ability to move!
Grinder hits you.
You writhe in agony.
Grinder hits you.
* * * LOW HITPOINT WARNING * * *
You writhe in agony.
* * * LOW HITPOINT WARNING * * *
Grinder hits you but does no damage. Grinder hits you!
You die...

#####.......#
#)####.##
#.......# #).#
#.# #.......#
##.###.#
#....$..#
#..##.#
#.......#
##.##.#
####....# #..#.#
##.(..######.#.#
#!5......# #.#.#
#.@......# #.#.#
#........# #...#
#...$....# ##..#
#..........#
##..####
###........#
#.......
#....%...#
#.#.####
#........#
#.#..#
##########
#.#..###
#.##>...


You could see Grinder.

Vanquished Creatures
  3 gnolls (D:3)
  6 adders
  An ooze (D:1)
  2 worms
  2 dart slugs (D:2)
  2 leopard geckos
  An orc (D:3)
  A ball python (D:2)
  3 giant cockroaches
  5 goblins
  8 hobgoblins
  2 jackals (D:3)
  4 kobolds
  11 bats
  9 frilled lizards
  7 rats
67 creatures vanquished.

Notes
Turn   | Place    | Note
-------+----------+-------------------------------------------
     0 | D:1      | BrokenGlass the Vine Stalker Assassin began the quest for the Orb.
     0 | D:1      | Reached XP level 1. HP: 11/11 MP: 2/2
   318 | D:1      | Reached XP level 2. HP: 7/15 MP: 3/3
   797 | D:1      | Reached XP level 3. HP: 11/19 MP: 4/4
  1233 | D:2      | Gained mutation: Your natural rate of healing is unusually fast. [Vine Stalker growth]
  1233 | D:2      | Reached XP level 4. HP: 13/24 MP: 3/5
  1973 | D:3      | Reached XP level 5. HP: 27/29 MP: 6/6
  2405 | D:3      | Noticed Grinder
  2424 | D:3      | Paralysed by Grinder for 6 turns
  2438 | D:3      | Paralysed by Grinder for 6 turns
  2442 | D:3      | Slain by Grinder

Skill      XL: |  1  2  3  4  5 |
---------------+----------------+-----
Fighting       | 2 3 4 |  4.2
Short Blades   | 2 3 |  3.1
Throwing       | |  1.7
Dodging        | |  0.7
Stealth        | |  4.8

Action                   |  1- 3 |  4- 6 || total
-------------------------+-------+-------++-------
Melee: Dagger            |    46 |       ||    46
       Bite              |    12 |    16 ||    28
       Short sword       |    16 |    97 ||   113
 Stab: Sleeping          |     4 |     8 ||    12
  Eat: Chunk             |     1 |     3 ||     4
Armor: Robe              |    20 |    39 ||    59
Dodge: Dodged            |    18 |    68 ||    86
